 Dungeon Crawl Stone Soup version 0.27-a0-543-gd81048afd2 (console) character file.

Game seed: 12661745101510406189

11170 GodsVoicemail the Brawler (level 11, -3/94 HPs)
             Began as a Ghoul Monk on Mar 6, 2021.
             Slain by a two-headed ogre
             ... wielding a +0 great mace
              (10 damage)
             ... on level 10 of the Dungeon on Mar 7, 2021.
             The game lasted 01:08:07 (13145 turns).

GodsVoicemail the Brawler (Ghoul Monk)             Turns: 13145, Time: 01:08:07

Health: -3/94      AC: 12    Str: 14 (16) XL:     11   Next: 73%
Magic:  0/10       EV:  4    Int:  6 (8)  God:
Gold:   848        SH:  0    Dex:  8 (11) Spells: 10/10 levels left

rFire    + . .     SeeInvis +     - Unarmed
rCold    + . .     Faith    .   (no shield)
rNeg     + + +     Spirit   +   w - +1 plate armour
rPois    ∞         Reflect  .   I - +0 helmet
rElec    .         Harm     .   (no cloak)
rCorr    .         Rampage  .   (no gloves)
Will     .....                  (no boots)
Stlth    ..........             K - amulet of guardian spirit
HPRegen  0.00/turn              F - ring of see invisible
MPRegen  0.12/turn              B - ring of protection from fire

@: invisible
A: claws 1, cold resistance 1, negative energy resistance 3, inhibited
regeneration, torment resistance 2, unbreathing 1
a: no special abilities


You were on level 10 of the Dungeon.
You visited 2 branches of the dungeon, and saw 12 of its levels.

You collected 848 gold pieces.

Inventory:

Hand Weapons
 b - a +1 hunting sling
 q - a +0 hand crossbow
Missiles
 j - 373 stones
 l - 204 arrows
 n - a throwing net
 s - 128 bolts
 x - 30 boomerangs (quivered)
 y - a curare-tipped dart
 H - 27 sling bullets
 J - 5 poisoned darts
 R - a boomerang of dispersal
Armour
 a - a +0 scale mail of fire resistance
 w - a +1 plate armour (worn)
 I - a +0 helmet (worn)
Jewellery
 m - an amulet of reflection
 B - a ring of protection from fire (right claw)
 F - a ring of see invisible (left claw)
 K - an amulet of guardian spirit (around neck)
Wands
 t - a wand of random effects (7)
 E - a wand of charming (10)
 N - a wand of polymorph (7)
Scrolls
 d - a scroll of fog
 e - 4 scrolls of identify
 g - 6 scrolls of teleportation
 h - 3 scrolls of enchant armour
 p - 2 scrolls of magic mapping
 r - a scroll of fear {unknown}
 u - a scroll of enchant weapon
 z - 3 scrolls of amnesia
 L - a scroll of vulnerability {unknown}
 M - a scroll of brand weapon {unknown}
 P - 2 scrolls of blinking {unknown}
 Q - 3 scrolls of noise {unknown}
Potions
 f - 2 potions of attraction
 i - 2 potions of berserk rage
 k - 6 potions of brilliance
 o - a potion of cancellation
 v - 2 potions of heal wounds
 A - a potion of curing
 C - a potion of mutation
 D - 3 potions of flight
 G - 2 potions of resistance
 S - a potion of magic


   Skills:
 + Level 8.1 Fighting
 - Level 2.2(3.0) Slings
 - Level 3.0(3.3) Throwing
 - Level 6.2 Dodging
 - Level 5.0 Stealth
 * Level 15.3 Unarmed Combat
 - Level 2.0 Evocations


You had 10 spell levels left.
You didn't know any spells.
Your spell library was empty.

Dungeon Overview and Level Annotations

Branches:
Dungeon (11/15)              Lair (0/6) D:10            Orc (1/2) D:9
 Temple: D:4-7

Altars:
Ashenzari
Dithmenos
Fedhas
Kikubaaqudgha
Sif Muna
Yredelemnul
Zin
The Shining One

Shops:
D:5 :((   D:9 !

Annotations:
D:2 exclusion: downstairs
D:3 exclusion: downstairs
D:4 exclusion: orc wizard, Edmund
D:7 exclusion: downstairs
D:9 exclusion: 2 downstairs
D:10 2 transporters, exclusion: downstairs, dricus's ghost, journeyman DgAE
D:11 exclusions: hydra and ugly thing
Orc:1 exclusion: orc knight


Innate Abilities, Weirdness & Mutations

You thrive by killing the living.
You are immune to poison.
You have sharp fingernails.
Your flesh is cold resistant. (rC+)
You are immune to negative energy. (rN+++)
You do not regenerate when monsters are visible.
You are immune to unholy pain and torment.
You can survive without breathing.


Message History

Done waiting.
You now have 848 gold pieces (gained 9).
b - a +1 hunting sling (weapon)
You open the door.
Found a glowing silver altar of Zin.
There is an open door here.
Press: ? - help, v - describe, . - travel A glowing silver altar of Zin.
There is an open door here.
There is a stone staircase leading down here.
You are now empty-clawed.
You climb downwards.
Level annotation: 2 transporters, exclusion: downstairs, dricus's ghost, journeyman DgAE The two-headed ogre hits you with a +0 great mace!
The two-headed ogre hits you with a +0 giant club.
There is a stone staircase leading up here.
Aiming: Random Effects
Press: ? - help, Shift-Dir - straight line, f - two-headed ogre
Aim: a two-headed ogre, wielding a +0 great mace and a +0 giant club The two-headed ogre resists with some effort.
The two-headed ogre hits you with a +0 great mace.
The two-headed ogre barely misses you.
Aiming: Random Effects
Press: ? - help, Shift-Dir - straight line, f/p - two-headed ogre
Aim: a two-headed ogre, wielding a +0 great mace and a +0 giant club The two-headed ogre easily resists.
The two-headed ogre hits you with a +0 great mace!
The two-headed ogre hits you with a +0 giant club!
You scratch the two-headed ogre. You claw the two-headed ogre!
The two-headed ogre is moderately wounded.
The two-headed ogre hits you with a +0 great mace!!
The two-headed ogre hits you with a +0 giant club!
* * * LOW HITPOINT WARNING * * *
You scratch the two-headed ogre but do no damage.
The two-headed ogre is moderately wounded.
You fade into invisibility!
The two-headed ogre hits you with a +0 great mace!!
* * * LOW HITPOINT WARNING * * *
The two-headed ogre hits you with a +0 giant club!
You die...

##... ##..## ##...#.
#####...##.
##.##.......
##...#.......
##......##.##.
#####..........##.
#@O.#..........###
#...............##
##........≈≈≈≈≈...
#.........≈...≈.##
#.........≈>∩.≈.#
##.........≈...≈.##
##.##.......≈≈≈≈≈.##
##.....##..........#.
##......###...>.......


You could see a two-headed ogre.

Vanquished Creatures
  Erica (D:10)
  A two-headed ogre (D:9)
  An orc knight (D:11)
  A cyclops (D:6)
  An ugly thing (D:9)
  An elephant (D:9)
  2 centaur skeletons (D:10)
  2 trolls
  Grinder (D:5)
  A shadow (D:9)
  2 wyverns
  A wraith (D:11)
  A soldier ant (D:11)
  3 water moccasins
  4 black bears
  2 ice beasts
  A sky beast (D:10)
  A necrophage (D:10)
  6 orc warriors
  An eye of draining (D:9)
  8 centaurs
  6 ogres
  6 bullfrogs
  A phantom (D:8)
  2 kobold brigands
  A water moccasin zombie (D:9)
  2 wyvern skeletons
  2 scorpions
  21 killer bees
  10 wights
  A howler monkey (D:5)
  2 quasits (D:8)
  4 bullfrog skeletons
  6 hounds
  A jelly (D:11)
  6 orc priests
  Jessica (D:2)
  2 iguanas
  9 worker ants
  9 orc wizards
  A hound zombie (D:9)
  3 hound skeletons
  A worker ant zombie (D:6)
  12 adders
  3 shadow imps
  2 white imps
  An ufetubus (D:8)
  2 adder skeletons (D:6)
  2 worms
  3 dart slugs (D:1)
  6 leopard geckos
  49 orcs
  3 ball pythons
  7 giant cockroaches
  14 goblins
  10 hobgoblins
  12 jackals
  5 quokkas
  4 bats
  7 frilled lizards
  18 kobolds
  2 quokka zombies
  7 rats
308 creatures vanquished.

Vanquished Creatures (collateral kills)
  An orc priest (D:10)
1 creature vanquished.

Vanquished Creatures (others)
  A black bear (D:10)
  9 plants (D:2)
10 creatures vanquished.

Grand Total: 319 creatures vanquished

Notes
Turn   | Place    | Note
-------+----------+-------------------------------------------
     0 | D:1      | GodsVoicemail the Ghoul Monk began the quest for the Orb.
     0 | D:1      | Reached XP level 1. HP: 19/19 MP: 0/0
   116 | D:1      | Reached XP level 2. HP: 17/26 MP: 1/1
   231 | D:1      | Reached skill level 4 in Unarmed Combat
   679 | D:1      | Reached XP level 3. HP: 30/31 MP: 2/2
  1183 | D:2      | Reached skill level 5 in Unarmed Combat
  1360 | D:2      | Reached XP level 4. HP: 36/38 MP: 3/3
  1707 | D:2      | Found a broken altar of Ashenzari.
  1845 | D:2      | Noticed Jessica
  1853 | D:2      | Killed Jessica
  1854 | D:2      | Reached skill level 6 in Unarmed Combat
  2252 | D:2      | Reached XP level 5. HP: 45/45 MP: 4/4
  2389 | D:3      | Found a shadowy altar of Dithmenos.
  3018 | D:4      | Noticed an ogre
  3018 | D:4      | Noticed a water moccasin
  3027 | D:4      | Reached skill level 1 in Throwing
  3033 | D:4      | Killed an ogre
  3034 | D:4      | Reached skill level 7 in Unarmed Combat
  3034 | D:4      | Reached XP level 6. HP: 39/51 MP: 5/5
  3040 | D:4      | Killed a water moccasin
  3192 | D:4      | Noticed Edmund
  3230 | D:4      | Reached XP level 7. HP: 57/57 MP: 6/6
  3330 | D:4      | Reached skill level 8 in Unarmed Combat
  3832 | D:5      | Entered Level 5 of the Dungeon
  3852 | D:5      | Found a blossoming altar of Fedhas.
  3854 | D:5      | Noticed Grinder
  3863 | D:5      | Killed Grinder
  3973 | D:5      | Found Kaqeri's Weapon Shoppe.
  3988 | D:5      | Reached skill level 9 in Unarmed Combat
  4076 | D:5      | Found Wujidwino's Weapon Boutique.
  4159 | D:5      | Reached XP level 8. HP: 45/66 MP: 7/7
  4375 | D:5      | Found a shimmering blue altar of Sif Muna.
  4380 | D:5      | Found Iwepafo's Book Emporium.
  4897 | D:6      | Found a basalt altar of Yredelemnul.
  4968 | D:6      | Found a shadowy altar of Dithmenos.
  5142 | D:6      | Noticed a cyclops
  5490 | D:6      | Killed a cyclops
  5491 | D:6      | Reached skill level 5 in Fighting
  5491 | D:6      | Reached skill level 10 in Unarmed Combat
  5621 | D:6      | Reached XP level 9. HP: 62/75 MP: 8/8
  5969 | D:5      | Reached skill level 11 in Unarmed Combat
  6552 | D:7      | Upgraded the game from 0.27-a0-535-g7eaf864cf9 to
                  | 0.27-a0-543-gd81048afd2
  6635 | D:7      | Noticed an angel
  7013 | D:7      | Found a basalt altar of Yredelemnul.
  7615 | D:8      | Reached skill level 12 in Unarmed Combat
  7963 | D:8      | Reached XP level 10. HP: 83/83 MP: 9/9
  8288 | D:8      | Found an ancient bone altar of Kikubaaqudgha.
  8425 | D:9      | Reached skill level 5 in Dodging
  8705 | D:9      | Reached skill level 13 in Unarmed Combat
  8777 | D:9      | Noticed a white ugly thing
  8855 | D:9      | Noticed a two-headed ogre
  8871 | D:9      | Killed a two-headed ogre
  9051 | D:9      | Found a staircase to the Orcish Mines.
  9075 | D:9      | Found Qemippes's Distillery.
  9326 | D:9      | Killed a white ugly thing
  9327 | D:9      | Reached skill level 14 in Unarmed Combat
  9763 | Orc:1    | Entered Level 1 of the Orcish Mines
  9806 | Orc:1    | Noticed an orc knight
  9881 | D:10     | Entered Level 10 of the Dungeon
  9958 | D:10     | Found a staircase to the Lair.
  9958 | D:10     | Noticed an elephant
 10037 | D:9      | Reached skill level 1 in Evocations
 10153 | D:9      | Reached skill level 1 in Slings
 10211 | D:9      | Reached XP level 11. HP: 74/91 MP: 6/10
 10769 | D:10     | Reached skill level 5 in Stealth
 11070 | D:10     | Found a transporter.
 11070 | D:10     | Found a transporter.
 11075 | D:10     | Noticed dricus's ghost (journeyman DgAE)
 11083 | D:10     | Noticed Erica
 11096 | D:10     | Killed Erica
 11552 | D:11     | Noticed an orc knight
 11578 | D:11     | Killed an orc knight
 11579 | D:11     | Reached skill level 15 in Unarmed Combat
 12576 | D:11     | Noticed a seven-headed hydra
 12611 | D:11     | Noticed a red ugly thing
 12684 | D:11     | Noticed a two-headed ogre
 13145 | D:10     | Slain by a two-headed ogre

Illustrated notes

Levels and vault maps discovered:
D:1:      saegor_arrival_under_anarchy, layout_basic
D:2:      layout_basic, lemuel_doored_altar, lexackson_kobold_supper,
          uniq_jessica
D:3:      layout_rooms, chequers_serial_rivers_room_a,
          nicolae_dithmenos_shadow_blocks
D:4:      layout_basic, minmay_temple_entry_large_hall,
          hangedman_abyss_or_decor_passed, uniq_duvessa, uniq_edmund
D:5:      layout_rooms, fedhas_altar_fruit_tree, general_overflow_altar,
          serial_shops, shop_fountains, kennysheep_mini, nicolae_shop_trees,
          serial_curves, eino_curves_04, eino_curves_02, minmay_misc_feat_chi,
          uniq_grinder
D:6:      layout_loops_ring, kennysheep_little_box,
          nicolae_overflow_crystal_walls, old_standard_altar
D:7:      layout_loops_cross, zin_angel, yredelemnul_altar_generic
D:8:      layout_rooms, kennysheep_mini_moat
D:9:      lemuel_upstairs_altar, layout_long_grid, hiddenorc1_lemuel,
          serial_shops, shop
D:10:     layout_cave_pools, david_lair_generic, gammafunk_ghost_hive,
          enter_bailey_5, uniq_erica
D:11:     layout_rooms, minmay_starry_boxes
Orc:1:    layout_caves, uniq_sonja, uniq_snorg

Skill      XL: |  1  2  3  4  5  6  7  8  9 10 11 |
---------------+----------------------------------+-----
Unarmed Combat | 4 5 6 7 9 10 12 14 15 | 15.3
Throwing       | 1 2 3 |  3.0
Fighting       | 4 5 6 8 |  8.1
Stealth        | 3 4 5 |  5.0
Dodging        | 4 6 |  6.2
Evocations     | 1 2 |  2.0
Slings         | 1 2 |  2.2

Action                   |  1- 3 |  4- 6 |  7- 9 | 10-12 || total
-------------------------+-------+-------+-------+-------++-------
Melee: Unarmed           |   103 |   152 |   277 |   457 ||   989
       Punch             |     3 |     2 |     5 |    18 ||    28
 Fire: Hunting sling     |       |       |    16 |    85 ||   101
Throw: Stone             |     2 |    39 |     2 |     3 ||    46
       Boomerang         |       |    10 |    34 |    33 ||    77
       Throwing net      |       |       |       |     1 ||     1
Evoke: Wand              |       |     1 |     3 |    14 ||    18
  Use: Scroll            |       |       |     9 |       ||     9
       Potion            |       |       |     2 |    19 ||    21
 Stab: Sleeping          |       |     2 |       |       ||     2
       Invisible         |       |       |       |     4 ||     4
       Petrified         |       |       |       |     4 ||     4
       Distracted        |       |       |       |     1 ||     1
       Petrifying        |       |       |       |     1 ||     1
Armor: Robe              |     2 |       |       |       ||     2
       Ring mail         |    15 |     4 |       |       ||    19
       Plate armour      |       |    52 |   150 |   316 ||   518
Dodge: Dodged            |    33 |    14 |    57 |   135 ||   239
Block: Other             |    12 |    30 |    33 |       ||    75
       Reflection        |       |     1 |     6 |       ||     7

Table legend: (Time is in decaauts)
 A = Elapsed time spent in this place.
 B = Non-inter-level travel time spent in this place.
 C = Inter-level travel time spent in this place.
 D = Time resting spent in this place.
 E = Time spent auto-exploring this place.
 F = Levels seen in this place.
 G = Mean time per level.
                   A        B        C        D        E       F      G
               +--------+--------+--------+--------+--------+-----+--------+
         Total |  12934 |  12065 |    869 |   3493 |   4990 |  12 | 1077.8 |
       Dungeon |  12878 |  12009 |    869 |   3493 |   4990 |  11 | 1170.7 |
  Orcish Mines |     55 |     55 |      0 |      0 |      0 |   1 |   55.0 |
               +--------+--------+--------+--------+--------+-----+--------+

Top non-repeatable levels by time:
     D:9: 2496 daAuts
     D:6: 1463 daAuts
     D:5: 1242 daAuts
    D:11: 1162 daAuts
     D:2: 1145 daAuts
     D:1: 1133 daAuts
     D:7: 1117 daAuts
    D:10: 881 daAuts
     D:4: 860 daAuts
     D:8: 699 daAuts
     D:3: 677 daAuts
   Orc:1: 55 daAuts
